 Dungeon Crawl Stone Soup version 0.18-a0-1574-g3f9d221 (webtiles) character file.

75 Gottschkopf the Ruffian (level 4, -3/38 HPs)
             Began as a Naga Transmuter on Mar 16, 2016.
             Slain by a worm (10 damage)
             ... on level 2 of the Dungeon.
             The game lasted 00:05:53 (1909 turns).

Gottschkopf the Ruffian (Naga Transmuter)           Turns: 1909, Time: 00:05:53

Health: -3/38      AC:  2    Str: 14    XL:     4   Next: 31%
Magic:  2/7        EV: 10    Int: 15    God:
Gold:   47         SH:  0    Dex: 11    Spells: 3 memorised, 1 level left

rFire  . . .     SeeInvis +       - Unarmed
rCold  . . .     Gourm    .     b - +0 robe
rNeg   . . .     Faith    .     (no shield)
rPois  +         Spirit   .     (no helmet)
rElec  .         Dismiss  .     (no cloak)
rCorr  .         Reflect  .     (no gloves)
SustAt .         Harm     .     (no barding)
MR     .....                    (no amulet)
Stlth  +.........               (no ring)
                                (no ring)

@: about to teleport, very slightly contaminated, very slow, not resistant to
hostile enchantments, very unstealthy
A: see invisible, deformed body, poison resistance, slowness 2, slow metabolism
1, spit poison 2, strong 1, AC +1
a: Spit Poison


You were on level 2 of the Dungeon.
You were not hungry.

You visited 1 branch of the dungeon, and saw 2 of its levels.

You collected 47 gold pieces.

Inventory:

Missiles
 a - 24 arrows
Armour
 b - a +0 robe (worn)
 f - a +0 helmet
Scrolls
 g - a scroll of amnesia
 o - a scroll of enchant armour {unknown}
Potions
 h - a potion of cancellation {unknown}
Books
 c - a book of Changes

   Spells                             Type                      Level
   a - Beastly Appendage              Transmutation                1
   b - Sticks to Snakes               Transmutation                2
   c - Spider Form                    Transmutation/Poison         3
   d - Ice Form                       Ice/Transmutation            4
   e - Blade Hands                    Transmutation                5
Comestibles
 d - a bread ration
 j - 2 chunks of flesh


   Skills:
 - Level 1.0 Fighting
 - Level 1.5 Dodging
 - Level 4.1 Unarmed Combat
 - Level 2.0 Spellcasting
 * Level 2.7 Transmutations
 + Level 2.3 Poison Magic


You had one spell level left.
You knew the following spells:

 Your Spells              Type           Power        Failure   Level  Hunger
a - Beastly Appendage     Trmt           #.....       10%         1    #......
b - Sticks to Snakes      Trmt           #.......     12%         2    ###....
c - Spider Form           Trmt/Pois      #.........   24%         3    ###....


Dungeon Overview and Level Annotations

Branches:
Dungeon (2/15)

Altars:
Ashenzari


Innate Abilities, Weirdness & Mutations

You cannot wear boots.
Your serpentine skin is tough (AC +1).
You have supernaturally acute eyesight.
Armour fits poorly on your strangely shaped body.
Your system is resistant to poisons.
You cover ground very slowly.
You have a slow metabolism.
You can spit poison.
Your muscles are strong. (Str +2)


Message History

Confirm with . or Enter, or press ? or * to list all spells.
Okay, then.
Unknown command.
Read which item? (? for menu, Esc to quit)
As you read the scroll labeled CEYLLA QAESM, it crumbles to dust.
It is a scroll of recharging.
You aren't carrying any rechargeable items.
The bat barely misses you. The worm closely misses you.
The worm bites you but does no damage.
Read which item? (? for menu, Esc to quit)
As you read the scroll labeled NOETOI FUDIO, it crumbles to dust.
You feel strangely unstable.
It was a scroll of teleportation.
The bat hits you but does no damage. The goblin hits you but does no damage.
The rat bites you.
* * * LOW HITPOINT WARNING * * *
Drink which item? (? for menu, Esc to quit)
It was a potion of mutation.
You feel extremely strange.
You feel frail.
You feel stronger.
You feel robust. The bat hits you but does no damage. The worm misses you.
The worm bites you!
You die...

#.######.#####.## .# #
#.# ###..#.....(##.#.#
#.###.÷..#...# ..#.
#...#.###....####r..#
#.#...#⌠.##+#..⌠#.$(#
#....†#.........#...
#..##)##.......##?##
#....††#.....br#...#
#..#...'..._.@w'...+
#..[.........gw....#
#..###.#.......##.#....
#..
..#.........#....... #.
....⌠.##+##.⌠#.......
## ...###. ###....##..
.. . ..### .. ###


You could see 2 worms, a goblin (inner flame), a bat (inner flame) and a rat.

Vanquished Creatures
  An adder (D:2)
  A worm (D:2)
  4 dart slugs (D:1)
  3 ball pythons (D:1)
  3 giant cockroaches (D:1)
  7 hobgoblins
  9 jackals
  A quokka (D:1)
  5 bats
  3 giant newts
  3 goblins
  2 kobolds
  8 rats
50 creatures vanquished.

Vanquished Creatures (collateral kills)
  A goblin (D:2)
  A jackal (D:2)
2 creatures vanquished.

Grand Total: 52 creatures vanquished

Notes
Turn   | Place    | Note
--------------------------------------------------------------
     0 | D:1      | Gottschkopf the Naga Transmuter began the quest for the Orb.
     0 | D:1      | Reached XP level 1. HP: 18/18 MP: 3/3
   138 | D:1      | Reached XP level 2. HP: 12/25 MP: 3/5
   144 | D:1      | Learned a level 2 spell: Sticks to Snakes
   719 | D:1      | Reached skill level 4 in Unarmed Combat
   743 | D:1      | Reached XP level 3. HP: 12/31 MP: 4/6
   748 | D:1      | Learned a level 3 spell: Spider Form
  1107 | D:1      | Reached skill level 1 in Poison Magic
  1830 | D:2      | Reached XP level 4. HP: 36/38 MP: 3/7
  1847 | D:2      | Found a shattered altar of Ashenzari.
  1909 | D:2      | Gained mutation: You are frail (-10% HP). [potion of mutation]
  1909 | D:2      | Gained mutation: Your muscles are strong. (Str +2) [potion of mutation]
  1909 | D:2      | Lost mutation: You are frail (-10% HP). [potion of mutation]
  1909 | D:2      | Slain by a worm

Vault maps used:
D:1:      onia_arrival_handbag
D:2:      evilmike_ruin_ashenzari, uniq_robin

Skill      XL: |  1  2  3 |
---------------+----------+-----
Unarmed Combat | 4 |  4.1
Poison Magic   | 2 |  2.3
Fighting       | |  1.0
Dodging        | |  1.5
Spellcasting   | |  2.0
Transmutations | |  2.7

Action                   |  1- 3 |  4- 6 || total
-------------------------+-------+-------++-------
Melee: Unarmed           |   119 |    31 ||   150
 Cast: Beastly Appendage |    19 |     1 ||    20
       Spider Form       |     4 |       ||     4
       Sticks to Snakes  |     2 |       ||     2
  Use: Scroll            |       |     5 ||     5
       Potion            |       |     1 ||     1
 Stab: Sleeping          |     1 |       ||     1
  Eat: Chunk             |     3 |       ||     3
